 Dungeon Crawl Stone Soup version 0.28.0-43-g3370ac3207 (webtiles) character file.

Game seed: 9746753036913463923

10 Peloso the Covered (level 2, 27/27 HPs)
             Began as a Minotaur Fighter on Mar 6, 2022.
             Got out of the dungeon alive.
             The game lasted 00:00:45 (332 turns).

Peloso the Covered (Minotaur Fighter)                Turns: 332, Time: 00:00:46

Health: 27/27      AC:  8    Str: 20    XL:     2   Next: 10%
Magic:  1/1        EV:  9    Int:  5    God:
Gold:   17         SH:  4    Dex:  9    Spells: 1/1 levels left

rFire   . . .      SeeInvis .   a - +0 long sword
rCold   . . .      Faith    .   c - +0 buckler
rNeg    . . .      Spirit   .   b - +0 scale mail
rPois   .          Reflect  .   (helmet restricted)
rElec   .          Harm     .   (no cloak)
rCorr   .          Rampage  .   (no gloves)
Will    .....                   g - +0 pair of boots
Stlth   ..........              (no amulet)
HPRegen 0.09/turn               (no ring)
MPRegen 0.07/turn               (no ring)

@: no status effects
A: horns 2, retaliatory headbutt
a: no special abilities


You escaped.
You visited 1 branch of the dungeon, and saw 1 of its levels.

You collected 17 gold pieces.

Inventory:

Hand Weapons
 a - a +0 long sword (weapon)
Armour
 b - a +0 scale mail (worn)
 c - a +0 buckler (worn)
 g - a +0 pair of boots (worn)
Potions
 d - a potion of might
 e - a potion of lignification {unknown}
 f - a potion of heal wounds {unknown}


   Skills:
 + Level 3.9 Fighting
 + Level 2.5 Long Blades
 + Level 3.9 Armour
 + Level 3.8 Shields


You had one spell level left.
You didn't know any spells.
Your spell library was empty.

Dungeon Overview and Level Annotations

Branches:
Dungeon (1/15)

Altars:

Shops:
D:1 [:::


Innate Abilities, Weirdness & Mutations

You have a pair of horns on your head.
You reflexively headbutt those who attack you in melee.


Message History

You have reached level 2!
You slash the goblin!
You kill the goblin!
Things that are here:
a +0 dagger; a goblin corpse
Things that are here:
a +0 dagger of protection; a goblin corpse
Found 24 arrows.
There is a stone staircase leading down here.
You see here a +0 pair of boots.
g - a +0 pair of boots You start putting on your armour.
You continue putting on your +0 pair of boots. x4
You finish putting on your +0 pair of boots.
There is a stone staircase leading down here.
Things that are here:
a +0 dagger of protection; a goblin corpse You now have 17 gold pieces (gained 7).
You see here 24 arrows.
A kobold comes into view. It is wielding a +0 short sword.
Found Foghaomo's Book Shop.
The kobold shouts!
A kobold is nearby!
A kobold is nearby!
A kobold is nearby!
Found 8 gold pieces.
You slash the kobold!
You kill the kobold!
You see here a +0 short sword.
There is an entrance to Foghaomo's Book Shop here.
There is an entrance to Foghaomo's Book Shop here.
(D) Dungeon
Where to? (? - help)
What level of the Dungeon? (default 1, ? - help)
Things that are here:
a +0 dagger; a goblin corpse
There is an open door here.
There is a staircase leading out of the dungeon here.
Are you sure you want to leave the Dungeon?
This will make you lose the game!
You have escaped!

#...8...##.#
#####...##.# ##..##.#
##.##.# #.##.#### ###
#.#..#.. .... #8.#.# ##
#######..##>.#.#
#≈♣♣P♣≈.@##.8.∩.8.##
#♣P≈.....#####.....####
+.....♣P≈#....8.#.#[[.#
#≈P.♣P♣♣P####....#.##.#
###'####### ###.#.###.#
#.####..# #.#.# #.#
#.......# #.#.###.#
######..# #....##.##
#..# #........#


There were no monsters in sight!

Vanquished Creatures
  A dart slug (D:1)
  An endoplasm (D:1)
  3 goblins (D:1)
  A hobgoblin (D:1)
  A kobold (D:1)
7 creatures vanquished.

Notes
Turn   | Place    | Note
-------+----------+-------------------------------------------
     0 | D:1      | Peloso the Minotaur Fighter began the quest for the Orb.
     0 | D:1      | Reached XP level 1. HP: 19/19 MP: 0/0
    65 | D:1      | Found a faded altar of an unknown god.
   110 | D:1      | Found Ipituha's Book Shoppe.
   125 | D:1      | Found Cyomof's Antique Armour Shoppe.
   157 | D:1      | Found Maaway's Book Boutique.
   206 | D:1      | Reached XP level 2. HP: 27/27 MP: 1/1
   239 | D:1      | Found Foghaomo's Book Shop.
   332 | D:$      | Got out of the dungeon alive.

Illustrated notes

Levels and vault maps discovered:
D:1:      tarquinn_simple_flora_water_f, layout_loops_ring, serial_shops,
          nicolae_diamond_shop, shop, nicolae_square_shop,
          nicolae_shop_statue_plus, shop, chequers_ecumenical_altar_island

Action                   || total
-------------------------++-------
Melee: Long sword        ||    16
       Headbutt          ||     3
Armor: Scale mail        ||     4
Dodge: Dodged            ||     6
Block: Buckler           ||     3
